AoeStats
← HoEL-1007

Arena

504714898Analyzed
2v2 RM · 25d ago on Sep 6, 2026· 40m 20s· 4 players
Game mode
Random Map
Map size
Medium (4 player)
Population
200
Speed
Normal
Resources
Standard
Victory
Conquest
Starting age
Dark Age
Ending age
Imperial Age
RankedLock teamsTeams togetherTeam positionsShared explorationLock speedFull tech treeHidden civsTurbo modeCheats
Victory
Defeat
🇬🇧 Sicilians · United Kingdom
793
+12
🇬🇧 Celts · United Kingdom
793
+12
🇨🇳 Ethiopians · China
730
-13
🇨🇳 Spanish · China
669
-11
HoEL-1007
9:38 Loom
11:39 Feudal Age
17:09 Castle Age
15:30 Town Watch
15:31 Horse Collar
18:07 Double-Bit Axe
24:46 Gold Mining
27:07 Wheelbarrow
29:57 Fletching
43:24 Imperial Age
604569544
14:13 Feudal Age
15:15 Town Watch
19:03 Castle Age
17:27 Double-Bit Axe
21:22 Wheelbarrow
33:19 Fletching
36:48 Imperial Age
38:22 Conscription
38:43 Hoardings
38:20 Gold Mining
38:21 Stone Mining
38:51 Hand Cart
38:37 Town Patrol
TGKnighty
11:54 Feudal Age
22:37 Castle Age
21:13 Scale Mail Armor
26:07 Double-Bit Axe
27:33 Bow Saw
37:31 Chain Mail Armor
42:21 Imperial Age
Jalomass
11:43 Feudal Age
12:54 Double-Bit Axe
13:46 Loom
16:51 Castle Age
15:40 Stone Mining
17:45 Fletching
19:02 Scale Mail Armor
19:13 Forging
28:33 Wheelbarrow
29:28 Gold Mining
29:53 Bow Saw
29:26 Horse Collar
31:28 Town Watch
36:42 Bodkin Arrow
38:25 Heavy Plow
39:22 Hand Cart
Connection lost

Rejoining the realm…

Still unreachable

The connection could not be restored.

Session expired

The server has moved on; the page needs a fresh start.